Map: Agora mauve EC

Players

Drake

  • Race: Zerg Zerg
  • League: Silver
  • Spawn Location: 11:00

Pinkrabbit - Winner!

  • Race: Zerg Zerg
  • League: Silver
  • Spawn Location: 5:00

VOD

Have the link to the VOD?

Description

Time

  • Played on: April 7, 2018, 9:30 a.m.
  • Length: 16:08
Show
View Real Time Build Order
Export as new Build Order

Drake Zerg 

Build Orders: Hatch First 

Get SALT Encoding   

  12  0:01  Drone  
  13  0:13  Overlord  
  13  0:30  Drone  
  13  0:32  Drone x2  
  16  0:41  Drone  
  17  0:59  Drone  
  17  1:01  Hatchery  
  17  1:03  Drone  
  18  1:06  Extractor  
  17  1:19  Spawning Pool  
  16  1:29  Drone x2  
  18  1:35  Drone  
  19  2:06  Metabolic Boost  
  19  2:16  Zergling x8  
  23  2:29  Queen x2  
  27  2:35  Overlord  
  27  2:46  Drone  
  28  2:53  Hatchery  
  28  2:54  Drone  
  28  3:09  Drone x3  
  28  3:10  Drone x2  
  33  3:39  Drone x3  
  36  3:42  Lair  
  36  3:48  Evolution Chamber  
  31  3:51  Zergling x4  
  31  3:52  Zergling x4  
  35  3:58  Spine Crawler  
  35  3:59  Spine Crawler  
  33  4:04  Extractor  
  33  4:06  Drone  
  33  4:16  Zerg Missile Weapons Level 1  
  33  4:19  Drone x2  
  33  4:20  Drone  
  33  4:21  Overlord x2  
  36  4:29  Queen  
  38  4:43  Drone  
  38  4:44  Hydralisk Den  
  38  4:58  Drone x5  
  38  4:59  Drone x4  
  47  5:17  Extractor x2, Drone  
  47  5:18  Drone x2  
  47  5:19  Overlord  
  48  5:25  Muscular Augments  
  48  5:41  Drone x3  
  51  5:43  Drone x3  
  54  5:57  Drone x3  
  54  6:01  Drone x3  
  54  6:03  Drone  
  61  6:30  Drone  
  62  6:43  Zerg Missile Weapons Level 2  
  62  6:51  Hydralisk  
  64  6:54  Overlord x4  
  64  6:55  Overlord  
  64  7:22  Hydralisk x6  
  64  7:23  Hydralisk x13  
  64  7:26  Zergling x2  
  103  7:54  Overlord x2  
  103  7:55  Overlord x3  
  103  8:00  Overlord x3  
  103  8:15  Hydralisk x10  
  103  8:19  Hydralisk x3  
  129  8:32  Hydralisk x5  
  139  9:04  Hydralisk  
  139  9:05  Hydralisk x7  
  102  9:41  Hydralisk x8  
  106  9:52  Hydralisk  
  106  9:53  Hydralisk  
  100  10:23  Hydralisk x7  
  98  10:38  Hydralisk x3  
  104  10:55  Hydralisk  
  104  10:56  Hydralisk x3  
  112  11:05  Zergling x10  
  112  11:10  Zerg Melee Weapons Level 1  
  117  11:25  Zergling x12  
  118  11:30  Hydralisk x2  
  127  11:40  Zergling x2  
  127  11:41  Zergling x4  
  130  11:53  Hydralisk x5  
  130  11:54  Hydralisk x3  
  132  11:57  Zergling x4  
  132  11:58  Zergling x2  
  149  12:13  Hydralisk x3  
  149  12:14  Hydralisk x2  
  159  12:16  Zergling x6  
  159  12:19  Overlord x3  
  159  12:20  Overlord  
  82  12:53  Hydralisk  
  82  12:54  Hydralisk x8  
  82  12:56  Zergling x4  
  82  12:57  Zergling x10  
  103  13:08  Zergling x6  
  106  13:19  Hydralisk x5  
  108  13:22  Zergling x12  
  120  13:41  Zergling x8  
  120  13:42  Zergling x12  
  130  13:50  Hydralisk x2  
  130  13:51  Hydralisk x3  
  115  14:09  Zergling x14  
  109  14:10  Zergling x6  
  109  14:16  Hydralisk x3  
  108  14:42  Hydralisk  
  108  14:43  Hydralisk x9  
  128  14:46  Hydralisk  
  102  15:02  Hydralisk  
  102  15:03  Hydralisk x3  
  110  15:18  Hydralisk x3  
  110  15:20  Zergling x6  
  119  15:37  Hydralisk x3  
  119  15:40  Zergling x6  
  119  15:42  Zergling x2  
Show
View Real Time Build Order
Export as new Build Order

Pinkrabbit Zerg - Winner!

Build Orders: Pool First 

Get SALT Encoding   

  12  0:01  Drone  
  13  0:13  Overlord  
  13  0:19  Drone  
  14  0:31  Drone x2  
  14  0:35  Drone  
  17  0:41  Extractor  
  16  0:46  Drone  
  17  0:53  Spawning Pool  
  17  0:57  Drone  
  17  1:23  Drone  
  17  1:24  Hatchery  
  17  1:30  Drone  
  18  1:34  Drone  
  19  1:42  Zergling x2  
  19  1:46  Metabolic Boost  
  20  1:50  Zergling x2  
  21  2:04  Overlord  
  21  2:21  Queen  
  23  2:31  Zergling x2  
  24  2:37  Baneling Nest  
  24  2:44  Queen  
  23  2:45  Drone  
  23  2:46  Drone x3  
  23  2:48  Overlord  
  29  3:05  Zergling x4  
  31  3:35  Drone x2  
  31  3:36  Drone x3  
  31  3:38  Baneling  
  34  4:00  Roach Warren, Lair  
  34  4:01  Drone x3  
  36  4:04  Extractor  
  36  4:09  Drone  
  37  4:10  Drone x4  
  37  4:14  Baneling  
  37  4:15  Baneling  
  40  4:28  Drone  
  41  4:41  Overlord x2, Hatchery  
  40  4:54  Pneumatized Carapace  
  40  4:56  Drone x3  
  43  5:02  Roach x4  
  43  5:03  Roach x2  
  55  5:16  Evolution Chamber  
  55  5:17  Glial Reconstitution  
  55  5:18  Evolution Chamber  
  53  5:21  Zergling x6  
  53  5:22  Zergling x4  
  58  5:34  Extractor  
  57  5:37  Extractor  
  56  5:43  Hydralisk Den  
  56  5:45  Drone  
  56  5:46  Drone  
  56  5:49  Roach  
  59  5:54  Overlord x3  
  59  6:06  Zerg Missile Weapons Level 1, Zerg Ground Armor Level 1  
  59  6:11  Drone x3  
  59  6:12  Drone x6  
  59  6:17  Drone  
  69  6:19  Overlord x2  
  69  6:31  Roach x4  
  77  6:49  Roach x5  
  77  6:50  Roach x2  
  91  7:03  Muscular Augments  
  91  7:05  Queen  
  91  7:07  Drone x4  
  97  7:09  Overlord  
  97  7:12  Overlord  
  97  7:18  Baneling x6  
  97  7:20  Ravager  
  97  7:21  Ravager x3  
  101  7:50  Drone x2  
  101  7:51  Drone x7  
  106  7:54  Hydralisk x4  
  118  8:02  Zerg Missile Weapons Level 2  
  118  8:12  Zerg Ground Armor Level 2  
  118  8:18  Drone x3  
  118  8:19  Extractor x2  
  119  8:27  Grooved Spines  
  119  9:00  Roach  
  121  9:07  Overlord x4  
  99  9:45  Roach  
  98  9:46  Roach x20  
  122  10:41  Hatchery  
  119  11:04  Infestation Pit  
  118  11:07  Hydralisk x3  
  118  11:08  Hydralisk x7  
  138  11:30  Overlord x3  
  138  11:37  Overlord  
  138  11:38  Overlord x3  
  138  11:56  Hive  
  138  11:59  Hydralisk x5  
  138  12:00  Hydralisk x6, Hatchery  
  138  12:01  Hydralisk x2  
  163  12:14  Queen  
  132  12:41  Infestor  
  132  12:42  Roach  
  132  12:43  Roach x2  
  126  12:44  Roach x12  
  120  13:02  Roach x2  
  120  13:03  Roach x2  
  128  13:09  Roach x4  
  136  13:20  Roach x4  
  136  13:21  Roach  
  146  13:45  Ultralisk Cavern  
  127  14:15  Roach x3  
  127  14:16  Roach  
  135  14:48  Ultralisk x3  
  135  14:49  Ultralisk x4  
  135  14:51  Roach x2  
  135  14:52  Roach x7  
  193  14:53  Roach x2  
  185  15:24  Hydralisk x5  
  185  15:25  Hydralisk  
  197  15:35  Extractor  
  196  15:37  Extractor  
Tags
 
Add a new tag
Caveats
  • Supply blocks, unpowered buildings, or Contaminate may cause inaccurate times.
  • Supply counts are checked every 10 seconds.